 Dungeon Crawl Stone Soup version 0.29.1-12-g30fa7ad0bf (webtiles) character file.

Game seed: 14849394398303268746

2329 Flaz the Cleaver (level 9, -2/70 HPs)
             Began as a Ghoul Monk on Jan 18, 2023.
             Was a Believer of Okawaru.
             Slain by an orc knight
             ... wielding a +0 halberd
              (24 damage)
             ... in a bailey.
             The game lasted 00:26:46 (11663 turns).

Flaz the Cleaver (Ghoul Monk)                      Turns: 11663, Time: 00:26:48

Health: -2/70      AC: 15    Str: 19    XL:     9   Next: 42%
Magic:  7/8        EV:  8    Int: 11    God:    Okawaru [**....]
Gold:   642        SH:  0    Dex: 13    Spells: 8/8 levels left

rFire   . . .      SeeInvis .   A - +0 halberd (freeze)
rCold   + . .      Faith    .   (shield currently unavailable)
rNeg    + + +      Spirit   .   r - +0 chain mail
rPois   ∞          Reflect  .   J - +3 hat of the Ant {Dex+2}
rElec   .          Harm     .   y - +0 cloak
rCorr   .          Rampage  +   (no gloves)
Will    .....                   t - +1 pair of boots {rampage}
Stlth   ..........              (no amulet)
HPRegen 0.00/turn               m - ring of flight
MPRegen 0.11/turn               x - +6 ring of intelligence

@: flying, inhibited regen
A: claws 1, cold resistance 1, negative energy resistance 3, inhibited
regeneration, torment resistance 2, devour on kill
a: Renounce Religion, Heroism


You were in a bailey.
You worshipped Okawaru.
Okawaru was pleased with you.
You visited 2 branches of the dungeon, and saw 9 of its levels.
You also visited: Ossuary and Bailey.

You collected 642 gold pieces.

Inventory:

Hand Weapons
 a - a +0 hand axe
 A - a +0 halberd of freezing (weapon)
Missiles
 h - 3 boomerangs
 i - 4 poisoned darts
 o - 2 atropa-tipped darts (quivered)
 E - 3 silver boomerangs
Armour
 c - a +0 buckler of poison resistance
 r - a +0 chain mail (worn)
 t - a +1 pair of boots of rampaging (worn)
 y - a +0 cloak (worn)
 J - the +3 hat of the Ant (worn) {Dex+2}
   (You found it on level 6 of the Dungeon)

   Dex:       It affects your dexterity (+2).
Jewellery
 m - a ring of flight (left claw)
 x - a +6 ring of intelligence (right claw)
 K - a ring of fire
Scrolls
 b - 2 scrolls of brand weapon {unknown}
 e - 4 scrolls of butterflies
 f - 5 scrolls of teleportation
 k - 2 scrolls of poison {unknown}
 l - a scroll of noise {unknown}
 n - a scroll of silence {unknown}
 q - 2 scrolls of amnesia {unknown}
 v - 2 scrolls of blinking {unknown}
 w - 2 scrolls of enchant armour
 B - a scroll of immolation {unknown}
 C - 3 scrolls of vulnerability {unknown}
 H - 4 scrolls of magic mapping
Potions
 d - 2 potions of curing
 g - 2 potions of heal wounds
 j - 3 potions of resistance
 p - a potion of might
 s - 2 potions of berserk rage {unknown}
 u - 2 potions of haste {unknown}
 z - a potion of magic {unknown}
 D - a potion of mutation {unknown}
 F - 3 potions of cancellation {unknown}
 G - 3 potions of lignification {unknown}
 I - a potion of attraction {unknown}


   Skills:
 - Level 3.2 Fighting
 + Level 10.9 Axes
 + Level 2.0 Throwing
 - Level 3.0 Armour
 - Level 2.6 Dodging
 - Level 2.1 Stealth


You had 8 spell levels left.
You didn't know any spells.
Your spell library was empty.

Dungeon Overview and Level Annotations

Branches:
Dungeon (8/15)             Temple (1/1) D:6         Ossuary (visited)
 Bailey (1/1)
   Lair: D:8-11

Altars:
Dithmenos
Gozag
Hepliaklqana
Kikubaaqudgha
Makhleb
Okawaru
Qazlal
Ru
Sif Muna
Trog
Uskayaw
Vehumet
Wu Jian
Xom
Yredelemnul

Shops:
D:6 (

Annotations:
D:5 1 runed translucent door, harry2680's ghost, novice OpHW


Innate Abilities, Weirdness & Mutations

You are immune to poison.
You have sharp fingernails.
Your flesh is cold resistant. (rC+)
You are immune to negative energy. (rN+++)
You do not regenerate when monsters are visible.
You are immune to unholy pain and torment.
You thrive by killing the living.


Message History

Press: ? - help, Dir - move target, f/p - orc knight
Aim: an orc knight, wielding a +0 halberd (moderately wounded, blind, about 49% to evade your +0 halberd of freezing)
You reach to attack!
You slash the orc knight! You freeze the orc knight.
The orc knight is heavily wounded.
You feel like a meek peon again. The orc knight barely misses you.
Reach: A) +0 halberd (freeze)
Press: ? - help, Dir - move target, f/p - orc knight
Aim: an orc knight, wielding a +0 halberd (heavily wounded, blind, about 59% to evade your +0 halberd of freezing)
You reach to attack!
You strike the helpless orc knight from behind!
You slash the orc knight! You freeze the orc knight.
The orc knight is severely wounded.
The orc knight barely misses you.
Reach: A) +0 halberd (freeze)
Press: ? - help, Dir - move target, f/p - orc knight
Aim: an orc knight, wielding a +0 halberd (severely wounded, blind, about 59% to evade your +0 halberd of freezing)
You reach to attack!
You closely miss the orc knight.
The orc knight is severely wounded.
The orc knight hits you but does no damage.
Reach: A) +0 halberd (freeze)
Press: ? - help, Dir - move target, f/p - orc knight
Aim: an orc knight, wielding a +0 halberd (severely wounded, blind, about 59% to evade your +0 halberd of freezing)
You reach to attack!
You slash the orc knight! You freeze the orc knight.
The orc knight is almost dead.
The orc knight is no longer blind.
The orc knight barely misses you.
The orc knight hits you but does no damage.
Reach: A) +0 halberd (freeze)
Press: ? - help, Dir - move target, f/p - orc knight
Aim: an orc knight, wielding a +0 halberd (almost dead, about 59% to evade your +0 halberd of freezing)
You reach to attack!
You barely miss the orc knight.
The orc knight is almost dead.
The orc knight hits you from afar with a +0 halberd!
Reach: A) +0 halberd (freeze)
Press: ? - help, Dir - move target, f/p - orc knight
Aim: an orc knight, wielding a +0 halberd (almost dead, about 59% to evade your +0 halberd of freezing)
You reach to attack!
You closely miss the orc knight.
The orc knight is almost dead.
The orc knight hits you from afar with a +0 halberd!!
You die...

### ### #####
#)###)###.og##
##'##'##@###'##+##+
##.....## ##!.!.!#
###.....### #.!.?.#
#)'..⌠..'.# +!.⌠.!+
###.....### #.!.!.#
##.....## #!.!.!#
##'##'##'###+##+##+
#.###)###.#.# #'#
### ##### ### ###


You could see an orc knight and a gnoll.

Vanquished Creatures
  A wyvern (D:8)
  A water moccasin (D:6)
  2 sky beasts
  2 ice beasts
  3 black bears
  A centaur (D:6)
  2 ogres
  A phantom (D:7)
  2 bullfrogs
  A necrophage (D:5)
  3 howler monkeys (D:7)
  2 jellies (D:6)
  2 orc priests
  Crazy Yiuf (D:4)
  A gnoll bouda (D:5)
  A hound (D:5)
  2 orc wizards (D:5)
  4 iguanas
  8 mummies (Ossuary)
  8 adders
  13 gnolls
  2 river rats (D:3)
  2 shadow imps
  3 worms
  27 orcs
  7 ball pythons
  7 endoplasms
  3 giant cockroaches
  8 goblins
  2 hobgoblins
  3 jackals (D:3)
  5 quokkas
  4 bats
  3 frilled lizards
  A gnoll zombie (Ossuary)
  A hobgoblin zombie (Ossuary)
  10 kobolds
  2 kobold zombies (Ossuary)
  4 orc zombies (Ossuary)
  4 rats
159 creatures vanquished.

Notes
Turn   | Place    | Note
-------+----------+-------------------------------------------
     0 | D:1      | Flaz the Ghoul Monk began the quest for the Orb.
     0 | D:1      | Reached XP level 1. HP: 19/19 MP: 0/0
    80 | D:1      | Found a faded altar of an unknown god.
    92 | D:1      | Reached skill level 3 in Axes
   110 | D:1      | Reached XP level 2. HP: 17/26 MP: 1/1
   857 | D:2      | Reached XP level 3. HP: 10/31 MP: 2/2
  1576 | D:2      | Reached skill level 4 in Axes
  2150 | D:3      | Reached XP level 4. HP: 26/38 MP: 3/3
  2463 | D:3      | Found a bloodstained altar of Trog.
  2746 | D:3      | Reached skill level 5 in Axes
  2746 | D:3      | Reached XP level 5. HP: 30/45 MP: 4/4
  3406 | D:3      | Found a basalt altar of Yredelemnul.
  3936 | D:4      | Noticed a black bear
  3951 | D:4      | Killed a black bear
  3952 | D:4      | Reached skill level 6 in Axes
  3952 | D:4      | Reached XP level 6. HP: 25/51 MP: 5/5
  4274 | D:4      | Found a runed translucent door.
  4275 | D:4      | Noticed Crazy Yiuf
  4736 | D:4      | Killed Crazy Yiuf
  4932 | D:5      | Entered Level 5 of the Dungeon
  4940 | D:5      | Reached skill level 1 in Armour
  5227 | D:5      | Reached XP level 7. HP: 46/57 MP: 6/6
  5687 | D:5      | Found a runed translucent door.
  5703 | D:5      | Noticed harry2680's ghost (novice OpHW)
  5924 | D:5      | Reached skill level 7 in Axes
  6021 | D:5      | Found a burning altar of Makhleb.
  6280 | D:6      | Found a shadowy altar of Dithmenos.
  6280 | D:6      | Found a radiant altar of Vehumet.
  6300 | D:6      | You are sucked into a shaft and drop 1 floor!
  6429 | D:7      | Reached skill level 1 in Throwing
  6501 | D:7      | Reached XP level 8. HP: 58/63 MP: 7/7
  6525 | D:7      | Reached skill level 8 in Axes
  6712 | D:7      | Found a sand-covered staircase.
  6716 | Ossuary  | Entered an ossuary
  7468 | D:7      | HP: 1/63 [something (6)]
  7595 | D:6      | Reached skill level 9 in Axes
  7708 | D:6      | Found a staircase to the Ecumenical Temple.
  7713 | D:6      | Identified the +6 broad axe of the Six Knaves {holy, rC+++
                  | MP+9 Int+5}
  7719 | Temple   | Entered the Ecumenical Temple
  7767 | Temple   | Became a worshipper of Warmaster Okawaru
  7767 | Temple   | Reached * piety under Okawaru
  7767 | Temple   | Reached ** piety under Okawaru
  8318 | D:6      | Identified the +3 hat of the Ant {Dex+2}
  8390 | D:6      | Reached XP level 9. HP: 55/70 MP: 8/8
  8645 | D:6      | Found Ladus's Weapon Boutique.
  8704 | D:6      | Reached skill level 10 in Axes
 10335 | D:7      | Found a shimmering blue altar of Sif Muna.
 10765 | D:8      | Found a flagged portal.
 10977 | Bailey   | Entered a bailey
 11645 | Bailey   | Noticed an orc knight
 11663 | Bailey   | Slain by an orc knight

Illustrated notes

Levels and vault maps discovered:
D:1:      sevenhm_arrival_forest_fort_small_3, layout_rooms,
          hellmonk_ecumenical_altar_arch_garden, chequers_mini_garden
D:2:      minmay_door_path, layout_loops_ring
D:3:      layout_basic, mainiacjoe_overflow_brackets, mainiacjoe_overflow_paths,
          gup_sewer_entry_spiral
D:4:      layout_loops_ring, uniq_crazy_yiuf_cottage
D:5:      layout_rooms, old_standard_altar, ebering_ghost_sewer_d
D:6:      mumra_celtic_spiral_tile, layout_basic, grunt_temple_overflow_open,
          minmay_temple_entry_offerings, serial_shops, shop
D:7:      layout_layer_cave, led_sif_pool, enter_ossuary_5
D:8:      layout_rooms, lemuel_doored_altar, mainiacjoe_overflow_alcove_4,
          enter_bailey_6
Temple:   hellmonk_temple_of_storms
Bailey:   bailey_polearm_nasty_gnolls, bailey

Skill      XL: |  1  2  3  4  5  6  7  8  9 |
---------------+----------------------------+-----
Axes           | 3 4 5 6 7 9 10 | 10.9
Armour         | 1 3 |  3.0
Throwing       | 1 2 |  2.0
Fighting       | |  3.2
Dodging        | |  2.6
Stealth        | |  2.1

Action                   |  1- 3 |  4- 6 |  7- 9 || total
-------------------------+-------+-------+-------++-------
Melee: Hand axe          |   156 |   232 |   548 ||   936
       Punch             |       |     4 |    12 ||    16
       Halberd           |       |       |     7 ||     7
Throw: Boomerang         |     4 |       |       ||     4
       Dart              |       |       |    18 ||    18
Invok: Heroism           |       |       |     3 ||     3
  Use: Potion            |     1 |       |     4 ||     5
       Scroll            |       |       |    10 ||    10
 Stab: Sleeping          |     1 |       |       ||     1
       Invisible         |       |       |     3 ||     3
Armor: Robe              |    13 |       |       ||    13
       Chain mail        |    28 |   142 |   298 ||   468
Dodge: Dodged            |    93 |    71 |   161 ||   325
